 Dungeon Crawl Stone Soup version 0.19-a0-45-g2c295ea (webtiles) character file.

130 Mefis the Magician (level 4, 0/24 HPs)
             Began as a Deep Elf Wizard on May 5, 2016.
             Slain by an adder (2 damage)
             ... on level 2 of the Dungeon.
             The game lasted 00:09:37 (2938 turns).

Mefis the Magician (Deep Elf Wizard)                Turns: 2938, Time: 00:09:38

Health: 0/24       AC:  4    Str:  5    XL:     4   Next: 90%
Magic:  1/13       EV: 12    Int: 23    God:
Gold:   162        SH:  0    Dex: 13    Spells: 6 memorised, 1 level left

rFire  . . .     SeeInvis .     h - +0 dagger
rCold  . . .     Gourm    .     f - +0 leather armour
rNeg   . . .     Faith    .     (no shield)
rPois  .         Spirit   .     b - +0 hat
rElec  .         Dismiss  .     i - +0 cloak
rCorr  .         Reflect  .     (no gloves)
SustAt .         Harm     .     (no boots)
MR     .....                    (no amulet)
Stlth  ++........               (no ring)
                                (no ring)

@: not resistant to hostile enchantments, unstealthy
A: no striking features
a: no special abilities


You were on level 2 of the Dungeon.
You were not hungry.

You visited 1 branch of the dungeon, and saw 3 of its levels.

You collected 162 gold pieces.

Inventory:

Hand Weapons
 h - a +0 dagger (weapon)
 s - a +0 blowgun
Missiles
 p - 15 arrows
 r - 11 poisoned needles
 t - 8 curare-tipped needles
Armour
 a - a +0 robe
 b - a +0 hat (worn)
 f - a +0 leather armour (worn)
 i - a +0 cloak (worn)
Jewellery
 j - a cursed amulet of inaccuracy {unknown}
Scrolls
 g - a scroll of noise {unknown}
 l - a scroll of recharging {unknown}
 m - 3 scrolls of identify {unknown}
 n - a scroll of fog {unknown}
 o - a scroll of blinking {unknown}
 u - a scroll of teleportation {unknown}
Potions
 e - 3 potions of curing {unknown}
 v - a potion of cancellation {unknown}
Books
 c - a book of Minor Magic

   Spells                             Type                      Level
   a - Magic Dart                     Conjuration                  1
   b - Blink                          Translocation                2
   c - Call Imp                       Summoning                    2
   d - Repel Missiles                 Charms/Air                   2
   e - Slow                           Hexes                        2
   f - Conjure Flame                  Conjuration/Fire             3
   g - Mephitic Cloud                 Conjuration/Poison/Air       3
Comestibles
 d - 4 bread rations
 k - a meat ration
 q - a beef jerky


   Skills:
 * Level 1.5 Armour
 * Level 3.3 Dodging
 * Level 3.2 Stealth
 + Level 5.1 Spellcasting
 + Level 1.8 Conjurations
 + Level 1.0 Hexes
 + Level 1.3 Charms
 + Level 1.7 Summonings
 + Level 1.3 Translocations


You had one spell level left.
You knew the following spells:

 Your Spells              Type           Power        Failure   Level  Hunger
a - Magic Dart            Conj           ##..         10%         1    None
b - Call Imp              Summ           ##......     14%         2    None
c - Blink                 Tloc           N/A          14%         2    None
d - Slow                  Hex            ##......     17%         2    None
e - Mephitic Cloud        Conj/Pois/Air  #.......     38%         3    ##.....
p - Repel Missiles        Chrm/Air       #.....       21%         2    None


Dungeon Overview and Level Annotations

Branches:
Dungeon (3/15)

Altars:
Trog
The Shining One


Message History

There is a stone staircase leading down here.
The adder barely misses you.
A goblin comes into view. It is wielding a dagger of holy wrath.
You feel sick.
You are no longer poisoned.
The goblin hits you with a dagger of holy wrath.
* * * LOW HITPOINT WARNING * * *
The adder bites you.
* * * LOW HITPOINT WARNING * * *
The adder barely misses you.
Casting: Blink
Confirm with . or Enter, or press ? or * to list all spells.
A beastly little devil appears in a puff of flame.
The adder closely misses you.
Your crimson imp hits the goblin.
The goblin hits your crimson imp but does no damage.
The adder barely misses you.
Your crimson imp hits the goblin.
The goblin dies!
The adder bites you.
You die...

....##.##..##.##
.##..#....###..#
####...#### ##)#
#......)## #5#
#.##.##..## #.##
#.##...#..#
#..##
#.####..#.#
##..# #.#
##.#.#####S#
##.# #.#.(..##@#
#..# #.####....#
..## #.# ####.#
...#####.#####
#.#
##...........#
#.##
#######.....#
#..# ##....#
#..# #....# ####
######


You could see an adder and a friendly crimson imp.

Vanquished Creatures
  4 adders (D:2)
  A giant gecko (D:2)
  An orc (D:3)
  3 giant cockroaches
  5 goblins
  6 hobgoblins
  6 jackals (D:1)
  A quokka (D:3)
  A ball python (D:2)
  10 bats
  6 giant newts
  13 kobolds
  4 rats
61 creatures vanquished.

Vanquished Creatures (collateral kills)
  Natasha (D:3)
  4 worms (D:2)
  A dart slug (D:2)
  2 goblins (D:2)
8 creatures vanquished.

Grand Total: 69 creatures vanquished

Notes
Turn   | Place    | Note
--------------------------------------------------------------
     0 | D:1      | Mefis the Deep Elf Wizard began the quest for the Orb.
     0 | D:1      | Reached XP level 1. HP: 10/10 MP: 7/7
   323 | D:1      | Reached XP level 2. HP: 15/15 MP: 5/9
   327 | D:1      | Learned a level 2 spell: Call Imp
   330 | D:1      | Learned a level 2 spell: Blink
   333 | D:1      | Learned a level 2 spell: Slow
   415 | D:1      | Found a glowing golden altar of the Shining One.
  1067 | D:1      | Reached skill level 5 in Spellcasting
  1163 | D:2      | Learned a level 2 spell: Repel Missiles
  1225 | D:2      | Reached XP level 3. HP: 19/19 MP: 2/11
  1305 | D:2      | Reached skill level 1 in Armour
  1953 | D:2      | Reached skill level 1 in Charms
  1953 | D:2      | Reached XP level 4. HP: 17/24 MP: 0/13
  2460 | D:3      | Learned a level 3 spell: Mephitic Cloud
  2618 | D:3      | Found a bloodstained altar of Trog.
  2880 | D:3      | Reached skill level 1 in Hexes
  2883 | D:3      | Noticed Natasha
  2891 | D:3      | Killed Natasha
  2929 | D:2      | HP: 1/24 [adder (5)]
  2938 | D:2      | Slain by an adder

Vault maps used:
D:1:      evilmike_arrival_fibonacci_small, roderic_roman_lattice,
          tso_metal_star
D:3:      lemuel_coloured_pillars_altar, first_bread, minmay_misc_feat_cross,
          uniq_natasha

Skill      XL: |  1  2  3  4 |
---------------+-------------+-----
Spellcasting   | 5 |  5.1
Armour         | 1 |  1.5
Dodging        | 3 |  3.3
Stealth        | 3 |  3.2
Charms         | 1 |  1.3
Hexes          | 1 |  1.0
Conjurations   | |  1.8
Summonings     | |  1.7
Translocations | |  1.3

Action                   |  1- 3 |  4- 6 || total
-------------------------+-------+-------++-------
Melee: Unarmed           |     2 |       ||     2
       Dagger            |     3 |     1 ||     4
 Fire: Blowgun           |       |     4 ||     4
 Cast: Magic Dart        |    93 |    52 ||   145
       Call Imp          |     8 |     3 ||    11
       Blink             |       |     3 ||     3
 Stab: Sleeping          |     2 |     1 ||     3
  Eat: Chunk             |     3 |     3 ||     6
Armor: Leather armour    |     7 |     2 ||     9
Dodge: Dodged            |    28 |    20 ||    48
